 Dungeon Crawl Stone Soup version 0.29.0-4-gdea44cf6ec (webtiles) character file.

Game seed: 9839994112068204975

513 qw the Chopper (level 7, -1/41 HPs)
             Began as a Tengu Warper on Aug 28, 2022.
             Was an Initiate of Okawaru.
             Slain by a hound (4 damage)
             ... on level 5 of the Dungeon.
             The game lasted 00:00:30 (4329 turns).

qw the Chopper (Tengu Warper)                       Turns: 4329, Time: 00:00:31

Health: -1/41      AC:  7    Str: 13    XL:     7   Next: 20%
Magic:  11/11      EV: 11    Int: 14    God:    Okawaru [......]
Gold:   121        SH:  5    Dex: 19    Spells: 10/10 levels left

rFire   + + .      SeeInvis .   Y - +1 hand axe
rCold   x . .      Faith    .   (no shield)
rNeg    + . .      Spirit   .   f - +0 fire dragon scales
rPois   .          Reflect  +   (helmet restricted)
rElec   .          Harm     .   o - +0 cloak
rCorr   .          Rampage  .   b - +0 pair of gloves
Will    .....                   (boots unavailable)
Stlth   ..........              c - amulet of reflection
HPRegen 0.13/turn               n - ring of positive energy
MPRegen 0.12/turn               p - +6 ring of dexterity

@: weak-willed, corroded, flying quickly and evasively, quick
A: beak, talons 3, nimble flight
a: Renounce Religion


You were on level 5 of the Dungeon.
You worshipped Okawaru.
Okawaru was noncommittal.
You visited 2 branches of the dungeon, and saw 6 of its levels.

You collected 121 gold pieces.


Innate Abilities, Weirdness & Mutations

You have a beak for a mouth.
You have claws for feet.
Your magical nature lets you fly swiftly and evasively.


   Skills:
 - Level 3.4 Fighting
 + Level 7.4 Axes
 - Level 1.0 Throwing
 - Level 2.4 Armour
 - Level 2.1 Dodging
 - Level 2.0 Spellcasting
 - Level 2.4 Translocations


You had 10 spell levels left.
You didn't know any spells.
Your spell library contained the following spells:

 Spells                   Type           Power      Damage    Failure   Level
 Blink                    Tloc           16%        N/A       65%         2
 Gell's Gravitas          Tloc           8%         N/A       86%         3
 Lesser Beckoning         Tloc           8%         N/A       86%         3
 Teleport Other           Tloc           8%         N/A       86%         3
 Manifold Assault         Tloc           8%         N/A       100%        5

Inventory:

Hand Weapons
 l - a +0 flail
 Y - a +1 hand axe (weapon)
Armour
 b - a +0 pair of gloves (worn)
 f - +0 fire dragon scales (worn)
 k - a +0 chain mail
 o - a +0 cloak (worn)
Jewellery
 c - an amulet of reflection (around neck)
 n - a ring of positive energy (left hand)
 p - a +6 ring of dexterity (right hand)
Scrolls
 d - a scroll of identify
Potions
 a - a potion of curing
 g - a potion of cancellation
 h - a potion of lignification {unknown}
 i - a potion of haste {unknown}
 j - a potion of mutation {unknown}
 m - a potion of resistance {unknown}

Dungeon Overview and Level Annotations

Branches:
Dungeon (5/15)             Temple (1/1) D:4

Altars:
Ashenzari
Cheibriados
Gozag
Nemelex Xobeh
Okawaru
Qazlal
Sif Muna
Trog
Wu Jian
Xom
Zin
The Shining One

Annotations:
D:3 1 runed translucent door, Crazy Yiuf


Message History

Done exploring.
(D) Dungeon (T) Temple
Where to? (* - list waypoints, Enter - D:5, ? - help)
What level of the Dungeon? (default 1, ? - help)
You fly downwards.
The hound stops to sniff the ground.
The hound barely misses you. The hound bites you but does no damage.
The jelly hits you but does no damage.
There is a stone staircase leading up here.
You hit the jelly.
Your hands burn!
You claw the jelly.
The jelly is heavily wounded.
You hit the jelly.
Your hands burn!
You barely miss the hound. The hound bites you but does no damage.
You block the jelly's attack. The jelly hits you.
You are splashed with acid!
The hound bites you but does no damage.
You barely miss the jelly.
The jelly is heavily wounded.
You hit the hound. You hit the jelly but do no damage.
Your hands burn!
You block the hound's attack. The jelly hits you.
You are splashed with acid!
The jelly barely misses you.
You hit the jelly. The acid corrodes you!
Your hands burn!
Your peck misses the jelly.
The jelly is almost dead.
You closely miss the hound. You barely miss the jelly.
The hound closely misses you. The jelly barely misses you.
The jelly hits you but does no damage. The hound bites you but does no damage.
You hit the jelly.
Your hands burn!
You claw the jelly.
You kill the jelly!
Okawaru accepts your kill.
You barely miss the hound. You hit the jelly but do no damage.
Your hands burn!
The hound bites you but does no damage. The jelly hits you but does no damage.
You hit the hound. You claw the hound, but do no damage.
The hound is heavily wounded.
You hit the jelly but do no damage.
Your hands burn!
The hound barely misses you. The jelly misses you.
You hit the hound. You claw the hound. Your peck misses the hound.
The hound is almost dead.
You hit the jelly.
Your hands burn!
The hound bites you.
You die...

#... #..#
#..# #..# #
##..###.##
#.........
####.....#
#....@h#
#.....J....#
#..#.........
#. #..##[.##.
# #..# ..#
#... .# #...
. ###. ##


You could see a hound and a jelly.

Vanquished Creatures
  An ice beast (D:3)
  2 scorpions (D:4)
  2 jellies
  An iguana (D:4)
  Natasha (thrice) (D:2)
  Robin (D:3)
  3 adders
  4 worms
  A dart slug (D:3)
  3 orcs
  3 ball pythons
  3 bats
  7 endoplasms
  2 giant cockroaches (D:4)
  24 goblins
  7 hobgoblins
  15 kobolds
  3 quokkas
  A frilled lizard (D:2)
  6 rats
92 creatures vanquished.

Notes
Turn   | Place    | Note
-------+----------+-------------------------------------------
     0 | D:1      | qw the Tengu Warper began the quest for the Orb.
     0 | D:1      | Reached XP level 1. HP: 12/12 MP: 4/4
     0 | D:1      | 0 ||| qw: Version: 0.1-a-89-g26bdef1
     0 | D:1      | 0 ||| qw: Game counter: 49
     0 | D:1      | 0 ||| qw: Always use a shield: true
     0 | D:1      | 0 ||| qw: God list: Okawaru
     0 | D:1      | 0 ||| qw: Allow faded altars: false
     0 | D:1      | 0 ||| qw: Do Orc after D:15 true
     0 | D:1      | 0 ||| qw: Do second Lair branch before Depths: true
     0 | D:1      | 0 ||| qw: Lair rune preference: random
     0 | D:1      | 0 ||| qw: Plans: Normal
     0 | D:1      | 0 ||| PLANNING D:1-11
   157 | D:1      | 157 ||| Stepping ~*~*~tactically~*~*~ (stealth).
   404 | D:1      | Reached skill level 3 in Axes
   404 | D:1      | Reached XP level 2. HP: 17/17 MP: 6/6
   480 | D:1      | 480 ||| Stepping ~*~*~tactically~*~*~ (stealth).
   483 | D:1      | 483 ||| Stepping ~*~*~tactically~*~*~ (stealth).
   887 | D:1      | 887 ||| DROPPING amulet of faith.
   888 | D:1      | 888 ||| READING scroll labelled JUTOCH KYWN.
   889 | D:1      | 889 ||| READING scroll labelled ZAMAOMEHAJAO.
   890 | D:1      | 890 ||| READING scroll labelled BAKHLIG DUXEASI.
   891 | D:1      | 891 ||| READING scroll labelled KUCROVVADO.
   892 | D:1      | 892 ||| DROPPING scroll of blinking.
   926 | D:2      | 926 ||| Stepping ~*~*~tactically~*~*~ (stealth).
   957 | D:2      | Noticed Natasha
   958 | D:2      | 958 ||| Stepping ~*~*~tactically~*~*~ (hiding).
   959 | D:2      | 959 ||| Stepping ~*~*~tactically~*~*~ (hiding).
   960 | D:2      | 960 ||| Stepping ~*~*~tactically~*~*~ (hiding).
   961 | D:2      | 961 ||| Stepping ~*~*~tactically~*~*~ (hiding).
   967 | D:2      | Noticed a crimson imp
   968 | D:2      | Killed Natasha
   969 | D:2      | Reached skill level 4 in Axes
   969 | D:2      | Reached XP level 3. HP: 8/21 MP: 7/7
  1059 | D:2      | 1059 ||| Stepping ~*~*~tactically~*~*~ (stealth).
  1182 | D:2      | Noticed Natasha
  1183 | D:2      | 1183 ||| Stepping ~*~*~tactically~*~*~ (hiding).
  1184 | D:2      | 1184 ||| Stepping ~*~*~tactically~*~*~ (hiding).
  1193 | D:2      | Killed Natasha
  1194 | D:2      | Reached XP level 4. HP: 11/26 MP: 8/8
  1218 | D:2      | 1218 ||| Stepping ~*~*~tactically~*~*~ (stealth).
  1236 | D:2      | 1236 ||| Stepping ~*~*~tactically~*~*~ (stealth).
  1237 | D:2      | 1237 ||| Stepping ~*~*~tactically~*~*~ (stealth).
  1238 | D:2      | 1238 ||| Stepping ~*~*~tactically~*~*~ (stealth).
  1242 | D:2      | 1242 ||| FLEEEEING.
  1244 | D:2      | 1244 ||| FLEEEEING.
  1245 | D:2      | 1245 ||| FLEEEEING.
  1247 | D:2      | 1247 ||| FLEEEEING.
  1248 | D:2      | 1248 ||| FLEEEEING.
  1249 | D:2      | 1249 ||| FLEEEEING.
  1252 | D:2      | 1252 ||| FLEEEEING.
  1253 | D:2      | 1253 ||| FLEEEEING.
  1257 | D:2      | 1257 ||| FLEEEEING.
  1258 | D:2      | 1258 ||| STAIRDANCE
  1400 | D:1      | 1400 ||| READING scroll labelled KOUSKO NAGAGGA.
  1412 | D:2      | Noticed Natasha
  1413 | D:2      | 1413 ||| Stepping ~*~*~tactically~*~*~ (stealth).
  1465 | D:2      | Killed Natasha
  1466 | D:2      | Reached skill level 5 in Axes
  1533 | D:2      | 1533 ||| Stepping ~*~*~tactically~*~*~ (stealth).
  1535 | D:2      | 1535 ||| Stepping ~*~*~tactically~*~*~ (stealth).
  1550 | D:2      | 1550 ||| FLEEEEING.
  1551 | D:2      | 1551 ||| FLEEEEING.
  1574 | D:2      | 1574 ||| FLEEEEING.
  1575 | D:2      | 1575 ||| FLEEEEING.
  1577 | D:2      | 1577 ||| FLEEEEING.
  1578 | D:2      | 1578 ||| FLEEEEING.
  1579 | D:2      | 1579 ||| FLEEEEING.
  1580 | D:2      | 1580 ||| FLEEEEING.
  1581 | D:2      | 1581 ||| FLEEEEING.
  1582 | D:2      | 1582 ||| FLEEEEING.
  1583 | D:2      | 1583 ||| FLEEEEING.
  1593 | D:2      | 1593 ||| FLEEEEING.
  1599 | D:2      | 1599 ||| FLEEEEING.
  1600 | D:2      | 1600 ||| FLEEEEING.
  1625 | D:2      | 1625 ||| FLEEEEING.
  1626 | D:2      | 1626 ||| FLEEEEING.
  1627 | D:2      | 1627 ||| STAIRDANCE
  1760 | D:1      | 1760 ||| UPGRADING to amulet of reflection.
  1830 | D:2      | Gained mutation: Your magical nature lets you fly swiftly
                  | and evasively. [Tengu growth]
  1830 | D:2      | Reached XP level 5. HP: 30/30 MP: 9/9
  2035 | D:2      | Found a faded altar of an unknown god.
  2239 | D:2      | 2239 ||| READING scroll labelled GOXARE ZAUR.
  2266 | D:3      | Noticed Robin
  2267 | D:3      | 2267 ||| Stepping ~*~*~tactically~*~*~ (stealth).
  2268 | D:3      | 2268 ||| Stepping ~*~*~tactically~*~*~ (stealth).
  2269 | D:3      | 2269 ||| Stepping ~*~*~tactically~*~*~ (stealth).
  2278 | D:3      | Killed Robin
  2286 | D:3      | 2286 ||| FLEEEEING.
  2287 | D:3      | 2287 ||| FLEEEEING.
  2288 | D:3      | 2288 ||| FLEEEEING.
  2289 | D:3      | 2289 ||| STAIRDANCE
  2344 | D:3      | 2344 ||| STAIRDANCE
  2563 | D:3      | 2563 ||| Stepping ~*~*~tactically~*~*~ (stealth).
  2582 | D:3      | 2582 ||| Stepping ~*~*~tactically~*~*~ (stealth).
  2586 | D:3      | 2586 ||| Stepping ~*~*~tactically~*~*~ (stealth).
  2596 | D:3      | Reached skill level 6 in Axes
  2596 | D:3      | 2596 ||| FLEEEEING.
  2597 | D:3      | 2597 ||| FLEEEEING.
  2598 | D:3      | 2598 ||| FLEEEEING.
  2599 | D:3      | 2599 ||| FLEEEEING.
  2600 | D:3      | 2600 ||| STAIRDANCE
  2624 | D:2      | 2624 ||| READING scroll labelled FAYLE HUPH.
  2665 | D:3      | 2665 ||| Stepping ~*~*~tactically~*~*~ (stealth).
  2666 | D:3      | 2666 ||| Stepping ~*~*~tactically~*~*~ (stealth).
  2719 | D:3      | 2719 ||| Stepping ~*~*~tactically~*~*~ (stealth).
  2721 | D:3      | 2721 ||| Stepping ~*~*~tactically~*~*~ (stealth).
  2722 | D:3      | 2722 ||| Stepping ~*~*~tactically~*~*~ (stealth).
  2723 | D:3      | 2723 ||| Stepping ~*~*~tactically~*~*~ (stealth).
  2724 | D:3      | 2724 ||| Stepping ~*~*~tactically~*~*~ (stealth).
  2725 | D:3      | 2725 ||| Stepping ~*~*~tactically~*~*~ (stealth).
  2728 | D:3      | 2728 ||| FLEEEEING.
  2729 | D:3      | 2729 ||| FLEEEEING.
  2730 | D:3      | 2730 ||| FLEEEEING.
  2731 | D:3      | 2731 ||| FLEEEEING.
  2732 | D:3      | 2732 ||| FLEEEEING.
  2733 | D:3      | 2733 ||| FLEEEEING.
  2734 | D:3      | 2734 ||| FLEEEEING.
  2735 | D:3      | 2735 ||| FLEEEEING.
  2736 | D:3      | 2736 ||| FLEEEEING.
  2737 | D:3      | 2737 ||| FLEEEEING.
  2738 | D:3      | 2738 ||| FLEEEEING.
  2739 | D:3      | 2739 ||| FLEEEEING.
  2740 | D:3      | 2740 ||| FLEEEEING.
  2741 | D:3      | 2741 ||| FLEEEEING.
  2742 | D:3      | 2742 ||| FLEEEEING.
  2747 | D:3      | 2747 ||| STAIRDANCE
  2856 | D:3      | Noticed an ice beast
  2868 | D:3      | Killed an ice beast
  2869 | D:3      | Reached XP level 6. HP: 19/35 MP: 10/10
  3021 | D:3      | Identified the +2 leather armour of Vlad {Harm Will- Int+2
                  | Dex+3}
  3074 | D:3      | 3074 ||| DROPPING +0 whip.
  3171 | D:3      | Found a runed translucent door.
  3172 | D:3      | Noticed Crazy Yiuf
  3175 | D:3      | 3175 ||| DROPPING +2 leather armour of Vlad {Harm Will-
                  | Int+2 Dex+3}.
  3176 | D:3      | 3176 ||| UPGRADING to +0 chain mail.
  3186 | D:3      | 3186 ||| DROPPING +0 leather armour.
  3187 | D:3      | 3187 ||| DRINKING 2 bubbling purple potions.
  3505 | D:4      | 3505 ||| Stepping ~*~*~tactically~*~*~ (stealth).
  3521 | D:4      | Reached skill level 7 in Axes
  3583 | D:4      | 3583 ||| Stepping ~*~*~tactically~*~*~ (stealth).
  3585 | D:4      | 3585 ||| Stepping ~*~*~tactically~*~*~ (stealth).
  3769 | D:4      | Found a staircase to the Ecumenical Temple.
  3770 | D:4      | 3770 ||| PLANNING TEMPLE
  3770 | D:4      | 3770 ||| UPGRADING to +0 pair of gloves.
  3775 | D:4      | 3775 ||| UPGRADING to +0 fire dragon scales.
  3844 | D:4      | 3844 ||| UPGRADING to +0 cloak.
  3849 | D:4      | 3849 ||| UPGRADING to ring of positive energy.
  3850 | D:4      | 3850 ||| READING 3 scrolls of identify.
  3850 | D:4      | 3850 ||| IDENTIFYING purple potion
  3851 | D:4      | 3851 ||| READING 2 scrolls of identify.
  3851 | D:4      | 3851 ||| IDENTIFYING golden potion
  3852 | D:4      | 3852 ||| DROPPING potion of degeneration.
  3861 | Temple   | Entered the Ecumenical Temple
  3866 | Temple   | Became a worshipper of Warmaster Okawaru
  3887 | Temple   | 3887 ||| PLANNING D:1-11
  3931 | D:4      | Reached skill level 3 in Fighting
  3931 | D:4      | Reached XP level 7. HP: 41/41 MP: 11/11
  4292 | D:4      | 4292 ||| UPGRADING to +6 ring of dexterity.
  4293 | D:4      | 4293 ||| DROPPING ring of wizardry.
  4294 | D:4      | 4294 ||| READING scroll labelled PALIQOZURY.
  4318 | D:5      | Entered Level 5 of the Dungeon
  4319 | D:5      | 4319 ||| STAIRDANCE
  4327 | D:5      | HP: 9/41 [acid (2)]
  4328 | D:5      | HP: 4/41 [acid (5)]
  4329 | D:5      | Slain by a hound

Levels and vault maps discovered:
D:1:      tarquinn_simple_flora_water_c, layout_loops_cross
D:2:      layout_loops_ring, hellmonk_ecumenical_altar_prayer_group,
          uniq_natasha
D:3:      layout_rooms, minmay_box_of_dots, uniq_crazy_yiuf_cottage, uniq_robin
D:4:      layout_cave_pools, minmay_temple_entry_ruins, st_stairs_9,
          small_statue_intersection, dreamdust_mushroom_princess,
          minmay_misc_feat_nine_boxes, chequers_serial_rivers_marsh,
          grunt_ministairs_4, minmay_liquid_box
D:5:      layout_loops_ring, grunt_dithmenos_smoke_and_mirrors
Temple:   hellmonk_temple_two_chambers

Skill      XL: |  1  2  3  4  5  6 |
---------------+-------------------+-----
Axes           | 3 4 5 6 7 |  7.4
Armour         | 2 |  2.4
Fighting       | 3 |  3.4
Throwing       | |  1.0
Dodging        | |  2.1
Spellcasting   | |  2.0
Translocations | |  2.4

Action                   |  1- 3 |  4- 6 |  7- 9 || total
-------------------------+-------+-------+-------++-------
Melee: Hand axe          |    39 |   150 |    22 ||   211
       Kick              |    10 |    40 |    12 ||    62
       Peck              |     5 |    34 |     4 ||    43
       Punch             |       |     1 |       ||     1
Throw: Boomerang         |     7 |       |       ||     7
       Javelin           |     3 |     4 |       ||     7
  Use: Scroll            |     4 |     5 |     1 ||    10
       Potion            |       |     1 |       ||     1
Armor: Leather armour    |     5 |     9 |       ||    14
       Chain mail        |       |    13 |       ||    13
       Fire dragon scale |       |     6 |    12 ||    18
Dodge: Dodged            |    19 |    53 |    12 ||    84
Block: Other             |       |    20 |     3 ||    23
       Reflection        |       |     1 |       ||     1

Table legend:
 A = Non-vault XP
 B = Vault XP
 C = Vault XP percentage of total XP
 D = Non-vault monster count
 E = Vault monster count
 F = Vault count percentage of total count
                 A         B        C        D         E       F
            +---------+---------+-------+---------+---------+-------
      Total |     559 |     175 |  23.8 |      67 |      25 |  27.2
            +---------+---------+-------+---------+---------+-------
        D:1 |      23 |       0 |   0.0 |      13 |       0 |   0.0
        D:2 |     117 |      44 |  27.3 |      22 |       6 |  21.4
        D:3 |     146 |      39 |  21.1 |      10 |      15 |  60.0
        D:4 |     230 |      92 |  28.6 |      21 |       4 |  16.0
        D:5 |      43 |       0 |   0.0 |       1 |       0 |   0.0
            +---------+---------+-------+---------+---------+-------
